 Dungeon Crawl Stone Soup version 0.16-a0-1858-gba9b1e2 (webtiles) character file.

123 ztt the Skirmisher (level 5, -3/34 HPs)
             Began as a Gargoyle Fighter on Nov 4, 2014.
             Killed by divine providence
             ... invoked by an orc priest
              (8 damage)
             ... on level 3 of the Dungeon.
             The game lasted 00:02:34 (1964 turns).

ztt the Skirmisher (Gargoyle Fighter)               Turns: 1964, Time: 00:02:34

Health: -3/34      AC: 11    Str: 21    XL:     5   Next: 7%
Magic:  5/5        EV:  7    Int:  8    God:
Gold:   138        SH:  9    Dex:  9    Spells: 0 memorised, 4 levels left

rFire  . . .     SeeInvis .     j - +0 hand axe (freeze)
rCold  . . .     Clarity  .     b - +0 scale mail
rNeg   + . .     SustAb   .     c - +0 shield
rPois  +         Gourm    .     (no helmet)
rElec  +         Spirit   .     (no cloak)
rCorr  .         Warding  .     (no gloves)
rMut   .         Stasis   .     (no boots)
MR     .....                    (no amulet)
Stlth  ..........               (no ring)
                                (no ring)

@: not resistant to hostile enchantments, extremely unstealthy
A: negative energy resistance 1, electricity resistance, unbreathing,
petrification resistance, rot immunity, AC +4
a: no special abilities


You were on level 3 of the Dungeon.
You were not hungry.

You visited 1 branch of the dungeon, and saw 3 of its levels.

You collected 138 gold pieces.

Inventory:

Hand weapons
 a - a +0 war axe
 j - a +0 hand axe of freezing (weapon)
Armour
 b - a +0 scale mail (worn)
 c - a +0 shield (worn)
Jewellery
 l - an uncursed ring of fire {unknown}
Magical devices
 r - a wand of digging (12)
Scrolls
 h - 5 scrolls of identify {unknown}
 k - a scroll of fog {unknown}
 n - a scroll of teleportation {unknown}
 o - 2 scrolls of magic mapping {unknown}
 p - a scroll of blinking {unknown}
 t - a scroll of recharging {unknown}
 u - a scroll of fear {unknown}
Potions
 e - a potion of might
 f - a potion of haste {unknown}
 g - 2 potions of curing {unknown}
 i - a potion of cancellation {unknown}
 m - a potion of flight {unknown}
 q - a potion of beneficial mutation {unknown}
 s - a potion of mutation {unknown}
Comestibles
 d - 2 bread rations


   Skills:
 * Level 4.6 Fighting
 * Level 2.3 Axes
 + Level 4.1 Armour
 + Level 1.1 Dodging
 - Level 3.4 Shields


You had 4 spell levels left.
You didn't know any spells.

Dungeon Overview and Level Annotations

Branches:
Dungeon (3/15)

Altars:


Innate Abilities, Weirdness & Mutations

You are resistant to torment.
You are immune to poison.
Your stone body is very resilient (AC +4).
You resist negative energy.
You are resistant to electric shocks.
You can survive without breathing.
You are immune to petrification.
You are immune to rotting.


Message History

The plant is moderately damaged.
The orc priest barely misses you.
The orc hits the plant but does no damage.
You hit the orc priest but do no damage.
The orc priest is moderately wounded.
You hit the plant. You freeze the plant.
The plant is moderately damaged.
You hit the plant but do no damage.
The plant is moderately damaged.
The orc priest hits you with a flail.
* * * LOW HITPOINT WARNING * * *
You closely miss the orc priest.
The orc priest is moderately wounded.
You hit the plant but do no damage.
The plant is moderately damaged.
You hit the plant. You freeze the plant.
The plant is heavily damaged.
The orc priest mumbles some strange prayers to Beogh against you.
Something smites you!
You die...

#### ############# ...
............# o.
########♣§..###♣#o#♣♣#
<...# #§P..†#..#oo..#
###.# #P.P♣...†P@P♣
♣§♣§§..♣♣.♣#.P.♣
#.§P§♣.♣♣.♣# P♣♣
#♣♣♣.♣♣..♣ ♣ .....♣
..♣♣♣♣P ♣♣ .


You could see an orc priest, an orc wizard and 2 orcs.

Vanquished Creatures
  A gnoll (D:1)
  6 adders (D:2)
  A green rat (D:3)
  A giant mite (D:2)
  A worm (D:2)
  4 giant geckos
  A ball python (D:1)
  6 goblins
  2 hobgoblins (D:1)
  3 jackals (D:1)
  5 kobolds
  4 bats
  3 giant cockroaches
  3 giant newts
  2 rats (D:1)
43 creatures vanquished.

Notes
Turn   | Place    | Note
--------------------------------------------------------------
     0 | D:1      | ztt, the Gargoyle Fighter, began the quest for the Orb.
     0 | D:1      | Reached XP level 1. HP: 14/14 MP: 1/1
   272 | D:1      | Reached XP level 2. HP: 10/19 MP: 2/2
   822 | D:1      | Reached XP level 3. HP: 24/24 MP: 3/3
   927 | D:1      | Reached skill level 4 in Fighting
  1342 | D:2      | Reached XP level 4. HP: 21/29 MP: 4/4
  1534 | D:2      | Reached skill level 1 in Dodging
  1944 | D:3      | Reached XP level 5. HP: 31/34 MP: 5/5
  1964 | D:3      | Killed from afar by an orc priest

Action                   |  1- 3 |  4- 6 || total
-------------------------+-------+-------++-------
Melee: War axe           |    10 |       ||    10
       Hand axe          |    88 |    77 ||   165
  Eat: Meat ration       |       |     1 ||     1
